Map: Ascension to Aiur LE

Players

Metasapien

  • Race: Zerg Zerg
  • League: Platinum
  • Spawn Location: 11:00

MkJorvil - Winner!

  • Race: Protoss Protoss
  • League: Gold
  • Spawn Location: 5:00

VOD

Have the link to the VOD?

Description

Time

  • Played on: Sept. 16, 2017, 8:13 p.m.
  • Length: 11:45
Show
View Real Time Build Order
Export as new Build Order

Metasapien Zerg 

Build Orders: Pool First 

Get SALT Encoding   

  12  0:01  Drone  
  13  0:15  Overlord  
  13  0:17  Drone  
  13  0:20  Extractor  
  13  0:23  Extractor  
  13  0:26  Drone  
  13  0:30  Drone  
  16  0:39  Drone  
  17  0:50  Spawning Pool  
  17  0:53  Drone  
  17  0:57  Extractor  
  17  1:00  Drone  
  17  1:20  Hatchery  
  16  1:27  Drone x2  
  16  1:31  Drone  
  19  1:39  Queen  
  19  1:46  Overlord  
  21  1:53  Overlord  
  21  2:05  Drone  
  22  2:16  Drone  
  22  2:21  Extractor  
  22  2:26  Overlord  
  22  2:33  Metabolic Boost  
  22  2:35  Roach Warren  
  22  2:36  Drone x2  
  23  2:42  Queen  
  25  2:52  Zergling x4  
  25  2:55  Drone  
  25  2:56  Drone  
  29  3:05  Drone  
  29  3:06  Drone  
  29  3:08  Drone  
  29  3:11  Drone  
  33  3:20  Overlord  
  33  3:23  Drone  
  34  3:31  Drone  
  34  3:32  Drone x2  
  37  3:34  Extractor  
  37  3:36  Drone  
  37  3:45  Lair  
  37  3:55  Drone x5, Evolution Chamber  
  40  4:01  Overlord  
  41  4:04  Overlord  
  41  4:11  Drone  
  41  4:14  Extractor  
  41  4:17  Drone  
  41  4:20  Roach  
  41  4:21  Roach x3  
  50  4:28  Zerg Ground Armor Level 1  
  50  4:32  Overlord  
  50  4:47  Hydralisk Den  
  50  4:50  Drone x3  
  50  4:52  Overlord  
  52  4:53  Drone  
  52  4:58  Roach  
  52  4:59  Glial Reconstitution  
  55  5:03  Zergling x8  
  59  5:12  Drone x3  
  62  5:14  Drone  
  62  5:30  Spore Crawler  
  62  5:32  Ravager  
  62  5:33  Ravager  
  62  5:35  Queen  
  63  5:36  Hydralisk x4  
  70  5:47  Spore Crawler  
  65  5:51  Queen  
  59  6:00  Drone x3  
  56  6:11  Drone  
  57  6:22  Drone  
  57  6:24  Drone x3  
  61  6:33  Muscular Augments  
  61  6:50  Zerg Missile Weapons Level 1  
  61  6:52  Drone x3  
  64  6:58  Drone x2  
  64  6:59  Drone  
  64  7:00  Hydralisk x2  
  70  7:20  Spire  
  69  7:29  Hydralisk x3  
  71  7:32  Hydralisk  
  71  7:36  Hatchery  
  76  7:37  Overlord  
  76  7:43  Pneumatized Carapace  
  76  7:47  Drone x2  
  76  7:50  Hydralisk  
  80  7:52  Hydralisk  
  80  7:57  Drone  
  83  7:59  Drone x2  
  83  8:04  Spore Crawler  
  84  8:09  Overseer  
  84  8:11  Overlord  
  84  8:15  Evolution Chamber  
  83  8:36  Hydralisk, Corruptor x2  
  83  8:37  Hydralisk, Corruptor x2  
  95  8:46  Extractor  
  94  8:48  Queen  
  94  8:50  Drone  
  94  8:51  Drone x3, Extractor  
  94  8:52  Drone  
  100  8:56  Overlord  
  100  9:06  Corruptor  
  100  9:07  Corruptor  
  104  9:14  Overlord  
  104  9:27  Drone x2  
  104  9:28  Drone  
  104  9:30  Overlord x2  
  104  9:31  Hydralisk x2  
  107  9:33  Overlord  
  111  9:50  Hydralisk x2  
  115  9:53  Roach  
  115  9:55  Roach  
  119  10:09  Drone x3  
  119  10:10  Drone x3  
  119  10:11  Overlord x2  
  125  10:23  Burrow  
  125  10:24  Hydralisk  
  125  10:25  Hydralisk, Roach x2  
  82  10:47  Hydralisk x4  
  82  10:48  Hydralisk x4  
  84  10:51  Hydralisk  
  82  11:04  Hydralisk x4  
  82  11:05  Hydralisk  
  82  11:10  Ravager  
Show
View Real Time Build Order
Export as new Build Order

MkJorvil Protoss - Winner!

Build Orders: Oracle Opening 

Get SALT Encoding   

  12  0:04  Probe (Chrono Boost)  
  13  0:27  Probe (Chrono Boost)  
  14  0:38  Probe (Chrono Boost)  
  15  0:58  Pylon  
  15  1:01  Assimilator  
  15  1:06  Assimilator  
  15  1:09  Pylon  
  15  1:16  Probe (Chrono Boost)  
  16  1:25  Forge  
  16  1:26  Probe (Chrono Boost)  
  16  1:30  Gateway  
  17  1:36  Pylon  
  17  1:37  Probe (Chrono Boost)  
  18  1:47  Probe (Chrono Boost)  
  19  1:58  Probe (Chrono Boost)  
  19  1:59  Photon Cannon  
  20  2:08  Probe (Chrono Boost)  
  21  2:19  Probe (Chrono Boost)  
  21  2:21  Cybernetics Core  
  22  2:26  Pylon  
  23  2:30  Probe (Chrono Boost)  
  23  2:50  Probe (Chrono Boost), Photon Cannon  
  24  2:58  Stargate  
  24  3:01  Probe (Chrono Boost)  
  25  3:12  Mothership Core (Chrono Boost)  
  27  3:27  Nexus  
  27  3:34  Probe (Chrono Boost)  
  28  3:42  Oracle (Chrono Boost)  
  31  3:50  Probe  
  31  3:51  Pylon  
  31  3:55  Assimilator  
  32  3:58  Assimilator  
  32  4:02  Probe  
  33  4:13  Oracle (Chrono Boost)  
  33  4:14  Probe  
  33  4:15  Robotics Facility  
  37  4:29  Pylon  
  37  4:36  Probe  
  38  4:45  Void Ray (Chrono Boost)  
  42  4:48  Probe  
  43  4:56  Probe  
  44  5:00  Probe  
  45  5:07  Probe  
  45  5:09  Photon Cannon  
  46  5:17  Probe  
  47  5:22  Void Ray (Chrono Boost)  
  48  5:58  Stargate  
  48  6:02  Probe  
  48  6:03  Probe  
  47  6:13  Probe  
  47  6:14  Void Ray (Chrono Boost)  
  47  6:15  Probe  
  53  6:23  Probe  
  53  6:25  Observer  
  55  6:27  Probe  
  56  6:34  Probe  
  56  6:37  Pylon  
  56  6:39  Probe  
  58  6:42  Void Ray (Chrono Boost)  
  58  6:46  Probe  
  63  6:51  Probe  
  63  6:53  Immortal  
  68  6:57  Void Ray (Chrono Boost)  
  72  7:02  Fleet Beacon  
  72  7:03  Pylon  
  72  7:07  Pylon  
  72  7:23  Void Ray (Chrono Boost)  
  76  7:32  Nexus  
  76  7:34  Assimilator  
  76  7:38  Void Ray (Chrono Boost), Assimilator  
  76  7:41  Pylon  
  84  7:44  Immortal  
  84  7:53  Probe  
  84  7:57  Probe  
  86  8:05  Carrier (Chrono Boost), Probe  
  87  8:09  Probe  
  94  8:17  Probe  
  101  8:21  Probe  
  102  8:28  Pylon  
  102  8:35  Probe  
  102  8:38  Pylon  
  103  8:46  Void Ray (Chrono Boost)  
  103  8:47  Probe  
  104  8:54  Graviton Catapult  
  108  8:59  Probe  
  113  9:10  Immortal (Chrono Boost)  
  113  9:11  Probe  
  113  9:12  Robotics Bay  
  114  9:17  Probe  
  115  9:28  Void Ray x2  
  115  9:29  Probe  
  116  9:33  Pylon  
  124  9:41  Probe  
  125  9:49  Probe  
  126  9:53  Probe  
  127  10:02  Probe  
  127  10:05  Probe  
  129  10:12  Carrier x2  
  129  10:14  Probe  
  130  10:26  Nexus  
  142  10:29  Assimilator  
  142  10:33  Assimilator  
  142  10:36  Pylon  
  110  10:53  Immortal (Chrono Boost)  
  110  10:54  Mothership Core  
  116  11:15  Photon Cannon  
  116  11:18  Photon Cannon  
  112  11:32  Robotics Facility  
  112  11:33  Probe  
Tags
 
Add a new tag
Caveats
  • Supply blocks, unpowered buildings, or Contaminate may cause inaccurate times.
  • Supply counts are checked every 10 seconds.